 Dungeon Crawl Stone Soup version 0.28-a0-973-ga7f8b01127 (webtiles) character file.

Game seed: 10734754506854935673

184 TheGamechu the Poker (level 5, -4/41 HPs)
             Began as a Merfolk Gladiator on Nov 29, 2021.
             Was a Follower of Qazlal.
             Slain by an ice beast (12 damage)
             ... on level 3 of the Dungeon on Dec 1, 2021.
             The game lasted 00:09:02 (2512 turns).

TheGamechu the Poker (Merfolk Gladiator)            Turns: 2512, Time: 00:09:02

Health: -4/41      AC:  8    Str: 14    XL:     5   Next: 63%
Magic:  5/5        EV: 13    Int:  7    God:    Qazlal [*.....]
Gold:   14         SH:  2    Dex: 18    Spells: 4/4 levels left

rFire   . . .      SeeInvis .   a - +1 trident
rCold   . . .      Faith    .   (no shield)
rNeg    . . .      Spirit   .   c - +1 ring mail
rPois   .          Reflect  .   h - +2 hat
rElec   .          Harm     .   (no cloak)
rCorr   .          Rampage  .   (no gloves)
Will    .....                   (no boots)
Stlth   +.........              (no amulet)
HPRegen 0.13/turn               (no ring)
MPRegen 0.09/turn               (no ring)

@: no status effects
A: (nimble swimmer 2), mertail
a: Renounce Religion


You were on level 3 of the Dungeon.
You worshipped Qazlal.
Qazlal was aware of your devotion.
You visited 1 branch of the dungeon, and saw 3 of its levels.

You collected 80 gold pieces.
You spent 66 gold pieces at shops.

Inventory:

Hand Weapons
 a - a +1 trident (weapon)
Missiles
 d - 2 throwing nets (quivered)
 e - 131 stones
Armour
 c - a +1 ring mail (worn)
 h - a +2 hat (worn)
Wands
 j - a wand of paralysis (6)
Scrolls
 b - a scroll of enchant weapon
 f - a scroll of teleportation
 l - a scroll of identify
Potions
 g - a potion of berserk rage {unknown}
 i - 2 potions of ambrosia {unknown}
 k - a potion of brilliance {unknown}


   Skills:
 + Level 3.6 Fighting
 + Level 5.8 Polearms
 + Level 3.2 Throwing
 + Level 5.3 Dodging


You had 4 spell levels left.
You didn't know any spells.
Your spell library contained the following spells:

 Spells                   Type           Power      Damage    Failure   Level
 Ensorcelled Hibernation  Hex/Ice        0%         N/A       82%         2
 Tukima's Dance           Hex            0%         N/A       96%         3


Dungeon Overview and Level Annotations

Branches:
Dungeon (3/15)

Altars:
Qazlal

Shops:
D:1 *   D:3 *


Innate Abilities, Weirdness & Mutations

((You are quick and stealthy near water. (Stealth+, EV+, Speed+++)))
Your lower body shifts to a powerful aquatic tail in water.


Message History

You throw a throwing net.
The throwing net closely misses the ice beast.
Throw: 4 throwing nets
Press: ? - help, Q - select action, (/) - cycle Shift-Dir - straight line, f/p - ice beast
Aim: an ice beast (lightly wounded, 63% to hit)
You throw a throwing net.
The throwing net closely misses the ice beast.
The ice beast hits you. The ice beast freezes you!
* * * LOW HITPOINT WARNING * * *
Throw: 3 throwing nets
Press: ? - help, Q - select action, (/) - cycle Shift-Dir - straight line, f/p - ice beast
Aim: an ice beast (lightly wounded, 63% to hit)
You throw a throwing net. The throwing net hits the ice beast.
The ice beast is caught in the net!
The ice beast is lightly wounded.
The ice beast struggles against the net.
You catch the helpless ice beast completely off-guard!
You hit the ice beast.
The ice beast is lightly wounded.
The ice beast struggles against the net.
You hit the ice beast.
The ice beast is heavily wounded.
The ice beast struggles against the net.
You puncture the ice beast!
The ice beast is severely wounded.
The ice beast struggles against the net.
You completely miss the ice beast.
The ice beast is severely wounded.
The ice beast struggles against the net.
You catch the helpless ice beast completely off-guard!
You hit the ice beast but do no damage.
The ice beast is severely wounded.
The ice beast struggles against the net.
The net rips apart, and the ice beast comes free!
You barely miss the ice beast.
The ice beast is severely wounded.
The ice beast hits you.
* * * LOW HITPOINT WARNING * * *
The ice beast freezes you!
You die...

#####...)# ##..<.#
####.....#
...#.....##########
.....#..........).#
...###............# ...#
#............# ...#
#..)......†.°# ...#
#..........@Y# ####
#...............#
######......#.(....
################.######.
.)......... ...
###....#.. #.#. #....#
#.# #....# #.# ###....#


You could see an ice beast.

Vanquished Creatures
  An ogre (D:3)
  6 adders
  A worm (D:2)
  A dart slug (D:1)
  5 endoplasms
  7 goblins
  6 hobgoblins
  7 kobolds
  A quokka (D:1)
  4 ball pythons
  2 bats (D:1)
  A frilled lizard (D:3)
  5 rats
47 creatures vanquished.

Vanquished Creatures (collateral kills)
  A goblin (D:3)
1 creature vanquished.

Grand Total: 48 creatures vanquished

Notes
Turn   | Place    | Note
-------+----------+-------------------------------------------
     0 | D:1      | TheGamechu the Merfolk Gladiator began the quest for the
                  | Orb.
     0 | D:1      | Reached XP level 1. HP: 16/16 MP: 1/1
   141 | D:1      | Found Quehuit's General Store.
   228 | D:1      | Reached XP level 2. HP: 23/23 MP: 2/2
   414 | D:1      | Upgraded the game from 0.28-a0-938-gbc3f381ebc to
                  | 0.28-a0-973-ga7f8b01127
   612 | D:1      | Reached XP level 3. HP: 28/28 MP: 3/3
  1088 | D:2      | Reached skill level 5 in Polearms
  1255 | D:2      | Found a faded altar of an unknown god.
  1655 | D:2      | Prayed at the altar of an unknown god.
  1655 | D:2      | Became a worshipper of Qazlal Stormbringer
  1655 | D:2      | Reached * piety under Qazlal
  1729 | D:3      | Noticed an ogre
  1742 | D:3      | Killed an ogre
  1743 | D:3      | Reached skill level 5 in Dodging
  1743 | D:3      | Reached XP level 4. HP: 12/35 MP: 4/4
  1743 | D:3      | Reached XP level 5. HP: 14/41 MP: 5/5
  2040 | D:3      | Found Dokkow Bezoe's Assorted Antiques.
  2053 | D:3      | Bought a scroll labelled XYCICE XORO for 22 gold pieces
  2053 | D:3      | Bought a scroll labelled NUOTZU BIL MON for 22 gold pieces
  2053 | D:3      | Bought a scroll labelled KUONIMO KYFE for 22 gold pieces
  2492 | D:3      | Noticed an ice beast
  2512 | D:3      | Slain by an ice beast

Illustrated notes

Levels and vault maps discovered:
D:1:      evilmike_arrival_rings, layout_rooms, serial_shops, shop
D:2:      layout_basic, basic_ecumenical_altar
D:3:      layout_basic, serial_shops, nicolae_shop_window_shopping,
          uniq_crazy_yiuf_cottage

Skill      XL: |  1  2  3 |
---------------+----------+-----
Polearms       | 5 |  5.8
Fighting       | 3 |  3.6
Throwing       | 3 |  3.2
Dodging        | 5 |  5.3

Action                   |  1- 3 |  4- 6 || total
-------------------------+-------+-------++-------
Melee: Trident           |    83 |    95 ||   178
Throw: Stone             |     4 |     7 ||    11
       Throwing net      |       |     3 ||     3
  Use: Scroll            |     3 |     4 ||     7
 Stab: Sleeping          |     1 |       ||     1
       Held in net/web   |       |     2 ||     2
Armor: Leather armour    |     5 |       ||     5
       Ring mail         |     3 |    30 ||    33
Dodge: Dodged            |    31 |    48 ||    79
Block: Other             |       |     3 ||     3

Table legend: (Time is in decaauts)
 A = Elapsed time spent in this place.
 B = Non-inter-level travel time spent in this place.
 C = Inter-level travel time spent in this place.
 D = Time resting spent in this place.
 E = Time spent auto-exploring this place.
 F = Levels seen in this place.
 G = Mean time per level.
                   A        B        C        D        E       F      G
               +--------+--------+--------+--------+--------+-----+--------+
         Total |   2515 |   2393 |    122 |    132 |   1764 |   3 |  838.3 |
       Dungeon |   2515 |   2393 |    122 |    132 |   1764 |   3 |  838.3 |
               +--------+--------+--------+--------+--------+-----+--------+

Top non-repeatable levels by time:
     D:2: 906 daAuts
     D:3: 828 daAuts
     D:1: 781 daAuts
